 Dungeon Crawl Stone Soup version 0.31-a0-43-g46d131a48f (webtiles) character file.

Game seed: 6857999295328706883

190 IdlyInterested the Trooper (level 5, -3/43 HPs)
             Began as a Demonspawn Wanderer on May 18, 2023.
             Slain by a gnoll
             ... wielding a +0 halberd of flaming
              (8 damage)
             ... on level 3 of the Dungeon.
             The game lasted 00:05:53 (2111 turns).

IdlyInterested the Trooper (Demonspawn Wanderer)    Turns: 2111, Time: 00:05:53

Health: -3/43      AC:  8    Str: 15    XL:     5   Next: 41%
Magic:  9/9        EV:  7    Int: 13    God:
Gold:   203        SH:  0    Dex: 12    Spells: 9/10 levels left

rFire   . . .        a - +2 hand axe
rCold   . . .        (no shield)
rNeg    . . .        p - +0 chain mail
rPois   .            (helmet restricted)
rElec   .            (no cloak)
rCorr   .            (no gloves)
SInv    .            (no boots)
Will    .....        (no amulet) Stlth
                     (no ring)
HPRegen 0.27/turn    (no ring)
MPRegen 0.11/turn

%: no passive effects
@: mighty, lethally poisoned (-3 -> -8)
A: horns 1, demonic guardian 1
a: no special abilities


You were on level 3 of the Dungeon.
You visited 1 branch of the dungeon, and saw 3 of its levels.

You collected 203 gold pieces.

Inventory:

Hand Weapons
 a - a +2 hand axe (weapon)
 j - a +0 quarterstaff
Missiles
 d - 6 poisoned darts
 e - 15 stones (quivered)
Armour
 p - a +0 chain mail (worn)
Scrolls
 c - a scroll of teleportation
 h - 2 scrolls of poison {unknown}
 k - a scroll of vulnerability {unknown}
 l - a scroll of fog {unknown}
 o - a scroll of identify {unknown}
Potions
 b - a potion of berserk rage {unknown}
 f - 2 potions of might
 g - a potion of attraction
 i - a potion of heal wounds {unknown}
 m - a potion of cancellation {unknown}
 n - a potion of curing {unknown}


   Skills:
 * Level 4.5 Fighting
 - Level 3.0 Axes
 - Level 1.0 Throwing
 - Level 1.0 Armour
 - Level 1.0 Dodging
 + Level 1.2 Stealth
 - Level 3.0 Spellcasting
 - Level 1.0 Poison Magic
 - Level 1.0 Evocations


You had 9 spell levels left.
You knew the following spells:

 Your Spells              Type           Power      Damage    Failure   Level
a - Sting                 Tmut/Pois      12%        1d3       96%         1

Your spell library contained the following spells:

 Spells                   Type           Power      Damage    Failure   Level
 Magic Dart               Conj           4%         1d3       98%         1
 Summon Small Mammal      Summ           4%         N/A       98%         1
 Searing Ray              Conj           2%         2d4       99%         2
 Call Canine Familiar     Summ           1%         N/A       100%        3
 Mephitic Cloud           Conj/Pois/Air  2%         N/A       100%        3
 Summon Guardian Golem    Hex/Summ       1%         N/A       100%        3
 Fulminant Prism          Conj/Hex       0%         3d5       100%        4


Dungeon Overview and Level Annotations

Branches:
Dungeon (3/15)

Altars:

Shops:
D:3 [


Innate Abilities, Weirdness & Mutations

You have a pair of small horns on your head.
A weak demonic guardian rushes to your aid.


Message History

You hit the gnoll.
A gnoll comes into view.
It is wielding a +0 whip and quivering poisoned darts.
The gnoll hits you but does no damage. The gnoll closely misses you.
The gnoll shouts!
You hit the gnoll.
The gnoll is heavily wounded.
You closely miss the gnoll. The gnoll hits you with a +0 club. x2
The gnoll hits you with a +0 club!
You closely miss the gnoll.
You headbutt the gnoll, but do no damage.
The gnoll is heavily wounded.
You hit the gnoll. The gnoll hits you with a +0 club.
The gnoll closely misses you. The gnoll barely misses you.
You closely miss the gnoll.
The gnoll is heavily wounded.
You hit the gnoll. The gnoll hits you with a +0 club.
The gnoll barely misses you. The gnoll hits you with a +0 club.
You hit the gnoll.
The gnoll is almost dead.
You hit the gnoll but do no damage. The gnoll closely misses you.
The gnoll barely misses you.
A kobold comes into view. It is wielding a +0 dagger.
The gnoll barely misses you.
You hit the gnoll.
You kill the gnoll!
You hit the gnoll.
You kill the gnoll!
The gnoll throws a poisoned dart.
The poisoned dart hits you!
You are poisoned.
The gnoll hits you from afar with a +0 halberd of flaming!
* * * LOW HITPOINT WARNING * * *
The gnoll burns you.
* * * LOW HITPOINT WARNING * * *
A demonic guardian appears!
It was a potion of might.
You feel very mighty all of a sudden.
* * * LOW HITPOINT WARNING * * *
You feel sick.
The gnoll hits you from afar with a +0 halberd of flaming!
You die...

##..###.##..#...#...
##....<#....##......
#........#...#...#..
#......#...#.....#.#
#................#.#
###.........##.....#.#
.(......5#####......∩###
.#......$# #.....<....
......g@.# #.....††...
##.....).# #..........
#...g...# ............
.......... #####.......
...K####### ........
#... #.#...... ##.
#.#...... .


You could see 2 gnolls, a kobold and a friendly quasit (summoned).

Vanquished Creatures
  A scorpion (D:3)
  2 gnolls (D:3)
  An adder (D:2)
  2 worms (D:2)
  2 dart slugs (D:1)
  5 orcs (D:2)
  5 bats
  5 endoplasms
  A giant cockroach (D:1)
  3 goblins
  4 hobgoblins
  3 jackals (D:1)
  4 kobolds
  3 quokkas
  7 ball pythons
  4 frilled lizards
  5 rats
57 creatures vanquished.

Vanquished Creatures (collateral kills)
  An orc priest (D:2)
  An orc (D:2)
2 creatures vanquished.

Grand Total: 59 creatures vanquished

Notes
Turn   | Place    | Note
-------+----------+-------------------------------------------
     0 | D:1      | IdlyInterested the Demonspawn Wanderer began the quest for
                  | the Orb.
     0 | D:1      | IdlyInterested set off with the following items: a +2 hand
                  | axe, a +0 helmet, a scroll of teleportation, a +0 leather
                  | armour; and the following spell memorised: Sting; and the
                  | following spells available to memorise: Mephitic Cloud.
     0 | D:1      | Reached XP level 1. HP: 15/15 MP: 4/4
   144 | D:1      | Gained mutation: A weak demonic guardian rushes to your
                  | aid. [demonic ancestry]
   144 | D:1      | Reached XP level 2. HP: 21/22 MP: 6/6
   202 | D:1      | Reached skill level 2 in Fighting
   378 | D:1      | Reached skill level 1 in Armour
   530 | D:1      | Found a faded altar of an unknown god.
   535 | D:1      | Reached XP level 3. HP: 26/28 MP: 7/7
  1162 | D:2      | Reached skill level 3 in Fighting
  1162 | D:2      | Reached skill level 1 in Stealth
  1296 | D:2      | Identified the +6 great sword "Ruonlavou" {heavy, *Slow rN+
                  | Stlth+}
  1401 | D:2      | Gained mutation: You have a pair of small horns on your
                  | head. [demonic ancestry]
  1401 | D:2      | Reached XP level 4. HP: 17/35 MP: 8/8
  1405 | D:2      | Reached skill level 1 in Throwing
  1908 | D:3      | Noticed a scorpion
  1908 | D:3      | Found Reef Zogunte's Antique Armour Emporium.
  1920 | D:3      | Killed a scorpion
  1921 | D:3      | Reached skill level 4 in Fighting
  1921 | D:3      | Reached XP level 5. HP: 43/43 MP: 9/9
  2111 | D:3      | Slain by a gnoll

Illustrated notes

Levels and vault maps discovered:
D:1:      minmay_arrival_open_corners, layout_loops_ring,
          chequers_ecumenical_altar_island
D:2:      cheibrodos_pilgrimage, layout_basic
D:3:      layout_rooms, grunt_temple_overflow_diamond, serial_shops, shop,
          serial_glass, glass_columns_c, glass_columns_a

Skill      XL: |  1  2  3  4 |
---------------+-------------+-----
Fighting       | 2 3 4 |  4.5
Armour         | 1 |  1.0
Stealth        | 1 |  1.2
Throwing       | 1 |  1.0
Axes           | 3 |  3.0
Dodging        | |  1.0
Spellcasting   | |  3.0
Poison Magic   | |  1.0
Evocations     | |  1.0

Action                     |  1- 3 |  4- 6 || total
---------------------------+-------+-------++-------
  Melee: Hand axe          |   115 |    43 ||   158
         Punch             |     2 |       ||     2
         Headbutt          |       |     6 ||     6
    Use: Potion            |     1 |     1 ||     2
 Armour: Leather armour    |    41 |       ||    41
         Chain mail        |    15 |    22 ||    37
         Scale mail        |     2 |       ||     2
  Dodge: Dodged            |    71 |    21 ||    92

Table legend: (Time is in decaauts)
 A = Elapsed time spent in this place.
 B = Non-inter-level travel time spent in this place.
 C = Inter-level travel time spent in this place.
 D = Time resting spent in this place.
 E = Time spent auto-exploring this place.
 F = Levels seen in this place.
 G = Mean time per level.
                   A        B        C        D        E       F      G
               +--------+--------+--------+--------+--------+-----+--------+
         Total |   2140 |   1833 |    307 |     86 |   1174 |   3 |  713.3 |
       Dungeon |   2140 |   1833 |    307 |     86 |   1174 |   3 |  713.3 |
               +--------+--------+--------+--------+--------+-----+--------+

Top non-repeatable levels by time:
     D:2: 1190 daAuts
     D:1: 898 daAuts
     D:3: 51 daAuts
